 Dungeon Crawl Stone Soup version 0.28.0-43-g3370ac3207 (webtiles) character file.

Game seed: 2598610150364409032

1466 nickcage the Carver (level 8, 0/64 HPs)
             Began as a Minotaur Fighter on Mar 8, 2022.
             Was an Initiate of Makhleb.
             Slain by a komodo dragon (21 damage)
             ... on level 6 of the Dungeon.
             The game lasted 00:11:46 (5656 turns).

nickcage the Carver (Minotaur Fighter)              Turns: 5656, Time: 00:11:46

Health: 0/64       AC:  7    Str: 27    XL:     8   Next: 48%
Magic:  0/7        EV:  8    Int:  5    God:    Makhleb [......]
Gold:   308        SH: 10    Dex:  9    Spells: 7/7 levels left

rFire   . . .      SeeInvis .   a - +0 long sword
rCold   . . .      Faith    .   l - +2 kite shield of the Sturgeon {+Blink Str+3}
rNeg    . . .      Spirit   +   b - +1 scale mail
rPois   .          Reflect  .   (helmet restricted)
rElec   .          Harm     .   (no cloak)
rCorr   .          Rampage  .   (no gloves)
Will    .....                   (no boots)
Stlth   ..........              k - amulet of guardian spirit
HPRegen 0.20/turn               n - +4 ring of slaying
MPRegen 0.10/turn               (no ring)

@: no status effects
A: horns 2, retaliatory headbutt
a: Renounce Religion, Evoke Blink


You were on level 6 of the Dungeon.
You worshipped Makhleb.
Makhleb was noncommittal.
You visited 2 branches of the dungeon, and saw 7 of its levels.

You collected 308 gold pieces.

Inventory:

Hand Weapons
 a - a +0 long sword (weapon)
Missiles
 r - 2 silver boomerangs (quivered)
Armour
 b - a +1 scale mail (worn)
 c - a +0 buckler
 i - a +0 kite shield
 l - the +2 kite shield of the Sturgeon (worn) {+Blink Str+3}
   (You found it on level 3 of the Dungeon)

   Str:       It affects your strength (+3).
   +Blink:    It lets you blink.
 q - a +1 hat
Jewellery
 k - an amulet of guardian spirit (around neck)
 n - a +4 ring of slaying (left hand)
 p - a ring of positive energy
 u - a +4 ring of evasion
Wands
 s - a wand of flame (7)
 x - a wand of iceblast (12)
Scrolls
 d - a scroll of fear
 f - 4 scrolls of identify
 j - 2 scrolls of teleportation
 m - a scroll of blinking {unknown}
 o - a scroll of enchant weapon {unknown}
 w - a scroll of noise {unknown}
Potions
 e - a potion of flight
 g - 2 potions of degeneration {unknown}
 h - 2 potions of brilliance {unknown}
 t - a potion of heal wounds {unknown}
 v - a potion of ambrosia {unknown}
 z - a potion of curing {unknown}


   Skills:
 - Level 3.6 Fighting
 + Level 12.7 Long Blades
 - Level 3.6 Armour
 - Level 3.6 Shields


You had 7 spell levels left.
You didn't know any spells.
Your spell library contained the following spells:

 Spells                   Type           Power      Damage    Failure   Level
 Frozen Ramparts          Ice            0%         1d2       100%        3
 Ice Form                 Ice/Tmut       0%         N/A       100%        4
 Summon Ice Beast         Ice/Summ       0%         N/A       100%        4


Dungeon Overview and Level Annotations

Branches:
Dungeon (6/15)             Temple (1/1) D:5

Altars:
Ashenzari
Cheibriados
Dithmenos
Elyvilon
Fedhas
Gozag
Hepliaklqana
Kikubaaqudgha
Makhleb
Nemelex Xobeh
Okawaru
Qazlal
Ru
Sif Muna
Trog
Uskayaw
Vehumet
Wu Jian
Xom
Yredelemnul
Zin
The Shining One

Shops:
D:5 *

Annotations:
D:5 Grinder


Innate Abilities, Weirdness & Mutations

You have a pair of horns on your head.
You reflexively headbutt those who attack you in melee.


Message History

a +0 club; 4 poisoned darts; a kobold skeleton
y - 4 poisoned darts A komodo dragon comes into view.
Found 16 gold pieces.
The komodo dragon hisses angrily.
You throw a poisoned dart.
The poisoned dart hits the komodo dragon.
The komodo dragon is poisoned.
You throw a poisoned dart.
The poisoned dart hits the komodo dragon.
The komodo dragon looks even sicker.
The komodo dragon is lightly wounded.
You throw a poisoned dart.
The poisoned dart hits the komodo dragon.
The komodo dragon is lightly wounded.
You throw a poisoned dart.
The poisoned dart hits the komodo dragon.
The komodo dragon looks even sicker.
The komodo dragon is moderately wounded.
You slash the komodo dragon! Your headbutt misses the komodo dragon.
The komodo dragon is heavily wounded.
The komodo dragon bites you!!
You hit the komodo dragon. You headbutt the komodo dragon.
The komodo dragon is severely wounded.
The komodo dragon bites you!!
* * * LOW HITPOINT WARNING * * *
You are too injured to fight recklessly!
The komodo dragon hisses menacingly.
You block the komodo dragon's attack.
You are too injured to fight recklessly!
Throw: 2 boomerangs (silver)
Press: ? - help, Q - select action, (/) - cycle Shift-Dir - straight line, f/p - komodo dragon
Aim: a komodo dragon (almost dead, poisoned, 68% to hit)
You throw a silver boomerang.
The silver boomerang barely misses the komodo dragon.
You block the komodo dragon's attack.
You hit the komodo dragon.
The komodo dragon is almost dead.
The komodo dragon bites you!!
You die...

######## #....... #.......
#....... #.......
##########################.......
........................))#######
...............l@.......))#....#.
..........................#....#.
..........................#....#.
..........)...............#....#.
..........................#....#.
..........................#.##.##
.....##########........####.##†##
.....# +....#........#.....#...
..(..# #....#.......<'.....#...


You could see a komodo dragon (poisoned).

Vanquished Creatures
  A water moccasin (D:5)
  A black bear (D:4)
  A necrophage (D:5)
  2 sky beasts
  4 ogres
  A kobold brigand (D:6)
  A gnoll sergeant (D:6)
  A scorpion (D:4)
  A howler monkey (D:4)
  A centaur zombie (D:6)
  A hound (D:6)
  2 centaur skeletons
  An orc priest (D:4)
  2 iguanas
  7 gnolls
  5 adders
  An ufetubus (D:4)
  2 adder zombies (D:2)
  3 adder skeletons (D:4)
  3 worms
  2 dart slugs
  3 orcs
  A bat skeleton (D:2)
  A bat zombie (D:2)
  6 endoplasms
  4 giant cockroaches
  8 goblins
  11 hobgoblins
  7 jackals (D:3)
  15 kobolds
  4 quokkas
  10 ball pythons
  A ball python zombie (D:2)
  10 bats
  5 frilled lizards
  2 giant cockroach zombies (D:2)
  A jackal skeleton (D:2)
  A quokka zombie (D:2)
  2 rats
135 creatures vanquished.

Vanquished Creatures (others)
  8 plants
8 creatures vanquished.

Grand Total: 143 creatures vanquished

Notes
Turn   | Place    | Note
-------+----------+-------------------------------------------
     0 | D:1      | nickcage the Minotaur Fighter began the quest for the Orb.
     0 | D:1      | Reached XP level 1. HP: 19/19 MP: 0/0
   136 | D:1      | Reached skill level 3 in Long Blades
   226 | D:1      | Reached XP level 2. HP: 25/26 MP: 1/1
   493 | D:1      | Reached skill level 4 in Long Blades
   783 | D:1      | Reached XP level 3. HP: 31/31 MP: 2/2
  1226 | D:2      | Reached skill level 5 in Long Blades
  1769 | D:2      | Reached XP level 4. HP: 39/39 MP: 3/3
  2037 | D:3      | Identified the +2 kite shield of the Sturgeon {+Blink
                  | Str+3}
  2167 | D:3      | Found a faded altar of an unknown god.
  2209 | D:3      | Reached skill level 6 in Long Blades
  2987 | D:4      | Noticed an ogre
  2992 | D:4      | Killed an ogre
  2993 | D:4      | Reached skill level 7 in Long Blades
  2993 | D:4      | Reached XP level 5. HP: 45/45 MP: 4/4
  3102 | D:4      | Reached XP level 6. HP: 51/51 MP: 5/5
  3203 | D:4      | Reached skill level 8 in Long Blades
  3659 | D:4      | Reached skill level 9 in Long Blades
  3734 | D:4      | Reached XP level 7. HP: 56/57 MP: 6/6
  3937 | D:5      | Entered Level 5 of the Dungeon
  3964 | D:5      | Found a staircase to the Ecumenical Temple.
  3999 | Temple   | Entered the Ecumenical Temple
  4324 | Temple   | Became a worshipper of Makhleb the Destroyer
  4402 | D:5      | Found Oxuazxyu's Overcharged Wands.
  4409 | D:5      | Reached skill level 10 in Long Blades
  4677 | D:5      | Reached skill level 11 in Long Blades
  4694 | D:5      | Reached XP level 8. HP: 36/64 MP: 4/7
  5029 | D:5      | Noticed Grinder
  5029 | D:5      | Paralysed by Grinder for 3 turns
  5249 | D:6      | Reached skill level 12 in Long Blades
  5591 | D:6      | Found a hazy altar of Hepliaklqana.
  5636 | D:6      | Noticed a komodo dragon
  5656 | D:6      | Slain by a komodo dragon

Illustrated notes

Levels and vault maps discovered:
D:1:      dpeg_arrival_connections, layout_loops_cross,
          nicolae_figureground_pulse
D:2:      layout_loops_ring, serial_undead, serial_undead_f, serial_undead_a,
          serial_undead_e, serial_undead_a, serial_undead_a, serial_undead_c,
          serial_undead_a, minmay_divided_ellipse
D:3:      layout_loops_ring, hellmonk_ecumenical_altar_heavens_door
D:4:      minmay_razor_zed, layout_basic, corner_web_ring
D:5:      layout_loops_ring, minmay_temple_entry_mini_moons,
          nicolae_shop_overcharged_wands, uniq_grinder
D:6:      layout_gridville, mainiacjoe_overflow_catwalk, minmay_misc_feat_x,
          nicolae_grassy_gnolls
Temple:   mainiacjoe_temple_circle_huts

Skill      XL: |  1  2  3  4  5  6  7  8 |
---------------+-------------------------+-----
Long Blades    | 3 4 5 7 9 11 12 | 12.7
Fighting       | |  3.6
Armour         | |  3.6
Shields        | |  3.6

Action                   |  1- 3 |  4- 6 |  7- 9 || total
-------------------------+-------+-------+-------++-------
Melee: Long sword        |   112 |   130 |   106 ||   348
       Headbutt          |    18 |    14 |    18 ||    50
Throw: Dart              |       |       |     4 ||     4
       Boomerang         |       |       |     1 ||     1
  Use: Scroll            |     1 |     5 |       ||     6
       Potion            |       |     1 |       ||     1
Armor: Scale mail        |    58 |    37 |    31 ||   126
Dodge: Dodged            |    80 |    57 |    35 ||   172
Block: Buckler           |    19 |       |       ||    19
       Kite shield       |     4 |    69 |    61 ||   134
